 Dungeon Crawl Stone Soup version 0.18-a0-1560-ge216ca8 (webtiles) character file.

21 Ijustatesigmund the Insei (level 2, -4/19 HPs)
             Began as an Octopode Transmuter on Mar 12, 2016.
             Slain by Terence
             ... wielding a +0 flail
              (11 damage)
             ... on level 2 of the Dungeon.
             The game lasted 00:02:44 (1223 turns).

Ijustatesigmund the Insei (Octopode Transmuter)     Turns: 1223, Time: 00:02:46

Health: -4/19      AC:  1    Str:  9    XL:     2   Next: 83%
Magic:  1/5        EV: 12    Int: 15    God:
Gold:   151        SH:  0    Dex: 12    Spells: 2 memorised, 2 levels left

rFire  . . .     SeeInvis .       - Unarmed
rCold  . . .     Gourm    .     (no shield)
rNeg   . . .     Faith    .     (helmet restricted)
rPois  .         Spirit   .     (no amulet)
rElec  .         Dismiss  .     (no ring)
rCorr  .         Reflect  .     (no ring)
SustAt .         Harm     .     (no ring)
MR     .....                    (no ring)
Stlth  ++........               (no ring)
                                (no ring)
                                (no ring)
                                (no ring)

@: appendage, not resistant to hostile enchantments, unstealthy
A: almost no armour, amphibious, 8 rings, constrict 8, tentacle spike 3,
camouflage 1, gelatinous body 1
a: End Transformation


You were on level 2 of the Dungeon.
You were not hungry.
One of your tentacles had a temporary spike.
You visited 1 branch of the dungeon, and saw 2 of its levels.

You collected 151 gold pieces.

Inventory:

Missiles
 a - 10 arrows
 e - a throwing net (quivered)
Armour
 g - a +1 shield
Potions
 d - a potion of heal wounds
 h - a potion of lignification
 i - a potion of flight
 j - a potion of curing {unknown}
Books
 b - a book of Changes

   Spells                             Type                      Level
   a - Beastly Appendage              Transmutation                1
   b - Sticks to Snakes               Transmutation                2
   c - Spider Form                    Transmutation/Poison         3
   d - Ice Form                       Ice/Transmutation            4
   e - Blade Hands                    Transmutation                5
Comestibles
 c - 3 bread rations
 f - 2 beef jerkies
 k - a chunk of flesh


   Skills:
 + Level 1.8 Fighting
 - Level 2.0 Dodging
 + Level 3.6 Unarmed Combat
 - Level 2.0 Spellcasting
 - Level 2.0 Transmutations


You had 2 spell levels left.
You knew the following spells:

 Your Spells              Type           Power        Failure   Level  Hunger
a - Beastly Appendage     Trmt           #.....       12%         1    #......
b - Sticks to Snakes      Trmt           #.......     14%         2    ###....


Dungeon Overview and Level Annotations

Branches:
Dungeon (2/15)

Altars:
Qazlal

Annotations:
D:2 Terence


Innate Abilities, Weirdness & Mutations

You cannot wear most types of armour.
You are amphibious.
You can wear up to eight rings at the same time.
You can use your tentacles to constrict eight enemies at once.
Your skin changes colour to match your surroundings (Stealth).
Your rubbery body absorbs attacks (AC +1).
One of your tentacles bears a large vicious spike.


Message History

You grab Terence.
You pierce Terence, but do no damage.
You squeeze Terence!
Terence is heavily wounded.
You constrict Terence, but do no damage.
You tentacle-slap Terence but do no damage.
Terence is heavily wounded.
You constrict Terence, but do no damage.
Terence hits you with a flail.
You tentacle-slap Terence but do no damage.
Terence is heavily wounded.
You constrict Terence. Terence hits you with a flail.
Drink which item? (? for menu, Esc to quit)
You feel much better.
You constrict Terence. Terence hits you with a flail!
Ouch! That really hurt!
You tentacle-slap Terence.
You pierce Terence, but do no damage.
You squeeze Terence, but do no damage.
Terence is severely wounded.
You constrict Terence, but do no damage.
Terence hits you with a flail!
Ouch! That really hurt!
You die...

#...# ####......... #...#
#......#####. #...#
#.........<#. #...#
#.......####. #...#
#.......# #. ...
#.......# #. #'#
#.......####. ### #@#
#.......#.... §§§ ###@#
#.......#.... §§§§ #.#.#
#.......#.... §§§§§#(#.#
####+##.#.... §§§§§#...#
..#....
######...############....
#_......>................
######..############....(
§§§§§#### #.#### §§§§§
#.#


You could see Terence.

Vanquished Creatures
  A dart slug (D:1)
  A giant gecko (D:1)
  A goblin (D:1)
  4 hobgoblins (D:1)
  A quokka (D:2)
  2 bats
  4 giant newts
  4 rats (D:1)
18 creatures vanquished.

Notes
Turn   | Place    | Note
--------------------------------------------------------------
     0 | D:1      | Ijustatesigmund the Octopode Transmuter began the quest for the Orb.
     0 | D:1      | Reached XP level 1. HP: 13/13 MP: 3/3
   287 | D:1      | Reached XP level 2. HP: 18/18 MP: 5/5
   291 | D:1      | Learned a level 2 spell: Sticks to Snakes
  1199 | D:2      | Found a stormy altar of Qazlal.
  1209 | D:2      | Noticed Terence
  1223 | D:2      | Slain by Terence

Vault maps used:
D:1:      dpeg_arrival_refuge, corexii_corridor_pit, minmay_misc_feat_chi
D:2:      nicolae_qazlal_eye_of_the_storm, nicolae_ru_awakened_eye, first_bread,
          uniq_terence

Action                   || total
-------------------------++-------
Melee: Unarmed           ||    43
 Cast: Sticks to Snakes  ||     2
       Beastly Appendage ||     1
  Use: Scroll            ||     8
       Potion            ||     1
 Stab: Sleeping          ||     7
  Eat: Chunk             ||     1
